 Dungeon Crawl Stone Soup version 0.25.1-8-g42b30a86e7 (webtiles) character file.

Game seed: 3913029427291482066

5128 pokeman the Thaumaturge (level 10, -8/58 HPs)
             Began as a Deep Elf Wizard on Dec 21, 2020.
             Was a Believer of Vehumet.
             Mangled by a death yak (13 damage)
             ... on level 8 of the Dungeon.
             The game lasted 00:24:42 (11467 turns).

pokeman the Thaumaturge (Deep Elf Wizard)          Turns: 11467, Time: 00:24:42

Health: -8/58      AC:  7    Str:  4    XL:     10   Next: 33%
Magic:  5/28       EV: 12    Int: 27    God:    Vehumet [**....]
Gold:   466        SH:  0    Dex: 17    Spells: 22/34 levels left

rFire    . . .     SeeInvis +   D - +8 rapier of Blood-Lust {vorpal, rElec rN+ Dex+4}
rCold    + . .     Gourm    .   (no shield)
rNeg     + . .     Faith    +   o - +0 leather armour
rPois    .         Spirit   .   u - +0 helmet
rElec    +         Reflect  .   k - +0 cloak
rCorr    .         Harm     .   x - +0 pair of gloves
MR       +....                  C - +0 pair of boots
Stlth    ++........             z - amulet of faith
HPRegen  0.19/turn              s - ring of Ytuddid {rC+ Slay+4 SInv}
MPRegen  0.21/turn              (no ring)

@: no status effects
A: no striking features
a: Renounce Religion


You were on level 8 of the Dungeon.
You worshipped Vehumet.
Vehumet was pleased with you.
You were near starving.

You visited 2 branches of the dungeon, and saw 9 of its levels.
You also visited: Sewer.

You collected 466 gold pieces.

Inventory:

Hand Weapons
 y - the +0 hand axe "Optaj" {flame, rF++ Str-4 Stlth+}
   (You found it on level 5 of the Dungeon)

   It has been specially enchanted to burn those struck by it, causing extra
   injury to most foes and up to half again as much damage against particularly
   susceptible opponents.
   Big, fiery blades are also staple armaments of hydra-hunters.
   It affects your strength (-4).
   It greatly protects you from fire.
   It makes you more stealthy.
 D - the +8 rapier of Blood-Lust (weapon) {vorpal, rElec rN+ Dex+4}
   (You found it on level 6 of the Dungeon)

   It inflicts extra damage upon your enemies.
   It affects your dexterity (+4).
   It insulates you from electricity.
   It protects you from negative energy.
Missiles
 E - 25 bolts
Armour
 b - a +0 buckler
 k - a +0 cloak (worn)
 o - a +0 leather armour (worn)
 u - a +0 helmet (worn)
 x - a +0 pair of gloves (worn)
 C - a +0 pair of boots (worn)
Magical Staves
 I - an uncursed staff of wizardry {unknown}
Jewellery
 a - an uncursed amulet of the acrobat
 j - an uncursed ring of positive energy {unknown}
 n - an uncursed amulet of guardian spirit
 s - the ring of Ytuddid (left hand) {rC+ Slay+4 SInv}
   (You found it on level 5 of the Dungeon)

   [ring of slaying]

   It affects your accuracy and damage with ranged weapons and melee attacks
   (+4).
   It protects you from cold.
   It lets you see invisible.
 z - an amulet of faith (around neck)
Wands
 A - a wand of paralysis (9)
 F - a wand of digging (1)
Scrolls
 e - 7 scrolls of identify
 f - a scroll of enchant armour
 g - 6 scrolls of remove curse
 h - 3 scrolls of amnesia
 m - 4 scrolls of blinking
 p - 5 scrolls of teleportation
 r - 4 scrolls of fear
 t - 2 scrolls of magic mapping
Potions
 c - a potion of lignification
 i - 2 potions of heal wounds
 l - 3 potions of might
 q - a potion of mutation
 v - 2 potions of haste
 w - 3 potions of curing
 B - a potion of magic
 G - 2 potions of brilliance
Comestibles
 d - 17 rations


   Skills:
 + Level 4.4 Fighting
 - Level 2.0 Armour
 - Level 3.0 Dodging
 - Level 3.0 Stealth
 - Level 2.0 Shields
 * Level 12.9 Spellcasting
 + Level 7.5 Conjurations
 - Level 1.1 Summonings
 - Level 1.1 Translocations
 + Level 6.8 Fire Magic
 - Level 1.0 Air Magic
 - Level 1.2 Poison Magic


You had 22 spell levels left.
You knew the following spells:

 Your Spells              Type           Power        Failure   Level  Hunger
a - Magic Dart            Conj           ####         1%          1    None
b - Mephitic Cloud        Conj/Pois/Air  #####...     4%          3    None
c - Call Imp              Summ           ###.....     5%          2    None
d - Blink                 Tloc           N/A          5%          2    None
e - Conjure Flame         Conj/Fire      ######..     1%          3    None
f - Shock                 Conj/Air       ####         1%          1    None

Your spell library contained the following spells:

 Spells                   Type           Power        Failure   Level  Hunger
 Static Discharge         Conj/Air       #####...     2%          3    None
 Slow                     Hex            ###.....     9%          2    None


Dungeon Overview and Level Annotations

Branches:
Dungeon (8/15)             Temple (1/1) D:4           Sewer (visited)
   Lair: D:8-11

Altars:
Dithmenos
Elyvilon
Gozag
Hepliaklqana
Kikubaaqudgha
Nemelex Xobeh
Ru
Sif Muna
Trog
Uskayaw
Vehumet
Xom
Zin
The Shining One

Shops:
D:7 *

Annotations:
D:8 Harold


Message History

Aim: a death yak (heavily wounded, confused)
The ball explodes into a vile cloud!
The stinking cloud engulfs the death yak but does no damage.
The death yak is heavily wounded.
The death yak seems less confused.
The death yak is engulfed in noxious fumes.
The death yak appears confused.
Unknown command.
Casting: Mephitic Cloud (dangerous; 4% risk of failure)
Confirm with . or Enter, or press ? or * to list all spells.
You blink.
The death yak is engulfed in noxious fumes.
The death yak appears confused.
The death yak misses you.
Unknown command.
The death yak is engulfed in noxious fumes.
The death yak appears confused.
Your magical contamination has completely faded away.
A hippogriff comes into view.
The death yak gores you!
You die...

#.# ...##.########†##....
#.####..###.# #.##....
#...Y.Y..##.# #.##....
#.######.##.########'##....
#.### ..#.#......Y.......
#...### #.#.#............##
#.#.Y<# #.#.#...........###
#########.#.#..........<...
.......@Y.....Y......##.
......#..###+##########.
H#.......# #.. #.##.#..#
#.. # #.#..# #.. # #..# #..
...# #.. .#.# #.. #..


You could see 2 death yaks and a hippogriff (asleep).

Vanquished Creatures
  3 death yaks (D:8)
  Pikel (D:6)
  Grinder (D:5)
  Sigmund (D:6)
  A spriggan (D:7)
  A hungry ghost (D:7)
  Menkaure (D:4)
  A water moccasin (D:7)
  2 orc warriors
  An ice beast (D:5)
  A hornet zombie (D:7)
  A slave (D:6)
  A necrophage (D:6)
  An ogre (D:5)
  A phantom (D:6)
  A big kobold (D:7)
  Blork the orc (D:4)
  4 wights (D:6)
  A bullfrog zombie (D:7)
  A bullfrog skeleton (D:8)
  7 orc priests
  5 orc wizards
  3 hounds
  Natasha (thrice) (D:3)
  An iguana (D:6)
  4 worker ants
  A killer bee zombie (D:5)
  Robin (D:3)
  2 worker ant zombies
  6 adders
  3 gnolls
  2 river rats (Sewer)
  A shadow imp (D:5)
  3 oozes
  An adder skeleton (D:4)
  An adder zombie (D:5)
  3 worms (D:3)
  3 dart slugs
  6 leopard geckos
  25 orcs
  10 bats
  4 giant cockroaches
  17 goblins
  7 hobgoblins
  9 jackals
  7 kobolds
  2 quokkas
  9 ball pythons
  16 frilled lizards
  A jackal zombie (D:5)
  A leopard gecko skeleton (D:5)
  A quokka zombie (D:5)
  18 rats
209 creatures vanquished.

Vanquished Creatures (collateral kills)
  2 river rats (D:4)
  3 giant cockroaches (D:4)
  A rat (D:4)
6 creatures vanquished.

Grand Total: 215 creatures vanquished

Notes
Turn   | Place    | Note
-------+----------+-------------------------------------------
     0 | D:1      | pokeman the Deep Elf Wizard began the quest for the Orb.
     0 | D:1      | Reached XP level 1. HP: 10/10 MP: 7/7
   273 | D:1      | Reached XP level 2. HP: 15/15 MP: 7/9
   714 | D:1      | Reached skill level 5 in Spellcasting
   898 | D:1      | Reached XP level 3. HP: 20/20 MP: 7/11
   903 | D:1      | Learned a level 3 spell: Mephitic Cloud
   906 | D:1      | Learned a level 2 spell: Call Imp
   909 | D:1      | Learned a level 2 spell: Blink
   913 | D:1      | Learned a level 3 spell: Conjure Flame
  1616 | D:2      | Reached skill level 1 in Armour
  1723 | D:2      | Reached skill level 1 in Fighting
  1978 | D:2      | Reached XP level 4. HP: 25/25 MP: 9/13
  2322 | D:2      | Found a shadowy altar of Dithmenos.
  3209 | D:3      | Noticed Natasha
  3215 | D:3      | Killed Natasha
  3215 | D:3      | Reached skill level 6 in Spellcasting
  3238 | D:3      | Noticed Natasha
  3243 | D:3      | Killed Natasha
  3243 | D:3      | Reached XP level 5. HP: 23/29 MP: 6/15
  3378 | D:3      | Noticed Natasha
  3390 | D:3      | Killed Natasha
  4159 | D:4      | Noticed Robin
  4239 | D:3      | Killed Robin
  4239 | D:3      | Reached skill level 1 in Fire Magic
  4239 | D:3      | Reached skill level 1 in Air Magic
  4368 | D:4      | You fall into a shaft and drop 1 floor!
  4368 | D:5      | Entered Level 5 of the Dungeon
  4396 | D:5      | Noticed an ice beast
  4446 | D:4      | Found a glowing drain.
  4547 | D:4      | Reached XP level 6. HP: 8/34 MP: 1/17
  4568 | Sewer    | Entered a sewer
  5895 | D:4      | Noticed Blork the orc
  5905 | D:4      | Noticed Menkaure
  5915 | D:4      | Reached skill level 1 in Poison Magic
  5918 | D:4      | Killed Blork the orc
  5918 | D:4      | Reached skill level 7 in Spellcasting
  6085 | D:4      | Killed Menkaure
  6085 | D:4      | Reached XP level 7. HP: 38/38 MP: 14/20
  6203 | D:4      | Found a staircase to the Ecumenical Temple.
  6212 | Temple   | Entered the Ecumenical Temple
  6230 | Temple   | Became a worshipper of Vehumet
  6456 | D:5      | Got a heavily runed platinum ring
  6457 | D:5      | Identified the ring of Ytuddid {rC+ Slay+4 SInv} (You found
                  | it on level 5 of the Dungeon)
  6474 | D:5      | Reached skill level 1 in Shields
  6540 | D:5      | Reached skill level 8 in Spellcasting
  6708 | D:5      | Found a bloodstained altar of Trog.
  6878 | D:5      | Noticed Grinder
  7023 | D:5      | Got a translucent hand axe
  7024 | D:5      | Lost strength.
  7024 | D:5      | Identified the cursed +0 hand axe "Optaj" {flame, rF++
                  | Str-4 Stlth+} (You found it on level 5 of the Dungeon)
  7055 | D:5      | Reached * piety under Vehumet
  7055 | D:5      | Offered knowledge of Shock by Vehumet.
  7058 | D:5      | Learned a level 1 spell: Shock
  7580 | D:5      | Reached XP level 8. HP: 32/43 MP: 14/22
  7838 | D:5      | Paralysed by Grinder for 4 turns
  7846 | D:5      | Killed Grinder
  7846 | D:5      | Reached skill level 9 in Spellcasting
  8390 | D:6      | Reached skill level 5 in Conjurations
  8508 | D:6      | Reached skill level 10 in Spellcasting
  8859 | D:6      | Found an ancient bone altar of Kikubaaqudgha.
  8881 | D:6      | Noticed Pikel
  8892 | D:6      | Killed Pikel
  8892 | D:6      | Reached XP level 9. HP: 45/49 MP: 14/25
  8895 | D:6      | Offered knowledge of Sandblast by Vehumet.
  9002 | D:6      | Reached skill level 5 in Fire Magic
  9086 | D:6      | Reached ** piety under Vehumet
  9104 | D:6      | Got a pitted rapier
  9105 | D:6      | Identified the +8 rapier of Blood-Lust {vorpal, rElec rN+
                  | Dex+4} (You found it on level 6 of the Dungeon)
  9276 | D:6      | Noticed Sigmund
  9288 | D:6      | Killed Sigmund
  9288 | D:6      | Reached skill level 11 in Spellcasting
  9908 | D:7      | HP: 1/49 [hornet zombie (10)]
 10533 | D:7      | Found Ydieciqu's General Store.
 10651 | D:7      | Found a glowing silver altar of Zin.
 10652 | D:7      | Found a hazy altar of Hepliaklqana.
 10652 | D:7      | Found a hide-covered altar of Uskayaw.
 10723 | D:7      | Offered knowledge of Static Discharge by Vehumet.
 10997 | D:8      | Noticed Harold
 11040 | D:8      | Noticed a death yak
 11041 | D:8      | Noticed a death yak
 11042 | D:8      | Noticed a death yak
 11043 | D:8      | Noticed a death yak
 11053 | D:8      | Noticed a death yak
 11055 | D:8      | Noticed a death yak
 11057 | D:8      | Killed a death yak
 11057 | D:8      | Reached skill level 12 in Spellcasting
 11057 | D:8      | Killed a death yak
 11057 | D:8      | Reached XP level 10. HP: 4/56 MP: 22/28
 11446 | D:8      | Killed a death yak
 11467 | D:8      | Mangled by a death yak

Illustrated notes

Levels and vault maps discovered:
D:1:      dpeg_arrival_castle, layout_basic, serial_glass, glass_columns_b,
          glass_columns_b, due_unseen_surprise, item_on_display_a,
          minmay_lizard_pond
D:2:      layout_basic, grunt_dithmenos_smoke
D:3:      layout_loops_ring, first_ration, st_stairs_14, uniq_natasha
D:4:      layout_cave_pools, minmay_temple_entry_sparse_star,
          portal_sewer_entry_b, uniq_blork_the_orc, uniq_robin, uniq_menkaure
D:5:      layout_basic, lemuel_crystal_altar, uniq_grinder
D:6:      layout_gridville, kiku_gazebo_garden_becter, serial_bayou_pond_b,
          uniq_pikel, uniq_sigmund
D:7:      layout_basic, chequers_temple_overflow_statue_of_worship,
          serial_shops, nicolae_shop_behind_doors, the_bakery
D:8:      layout_basic, dpeg_lair_monsters, uniq_harold, uniq_maurice
Temple:   eino_temple_scatter_basement

Skill      XL: |  1  2  3  4  5  6  7  8  9 |
---------------+----------------------------+-----
Spellcasting   | 5 6 7 8 10 12 | 12.9
Armour         | 1 2 |  2.0
Fighting       | 1 2 4 |  4.4
Conjurations   | 2 3 4 5 7 |  7.5
Dodging        | 3 |  3.0
Fire Magic     | 1 3 4 6 |  6.8
Air Magic      | 1 |  1.0
Poison Magic   | 1 |  1.2
Stealth        | 3 |  3.0
Shields        | 2 |  2.0
Summonings     | |  1.1
Translocations | |  1.1

Action                   |  1- 3 |  4- 6 |  7- 9 | 10-12 || total
-------------------------+-------+-------+-------+-------++-------
Melee: Unarmed           |       |    51 |    10 |       ||    61
       Short sword       |       |       |     4 |       ||     4
       Rapier            |       |       |    13 |     3 ||    16
 Cast: Magic Dart        |    88 |   211 |   176 |     9 ||   484
       Mephitic Cloud    |       |     6 |    13 |     2 ||    21
       Call Imp          |       |     4 |     2 |     2 ||     8
       Conjure Flame     |       |     3 |    17 |     8 ||    28
       Shock             |       |       |   105 |       ||   105
       Blink             |       |       |       |     2 ||     2
Evoke: Wand              |       |       |     3 |       ||     3
  Use: Scroll            |       |       |    15 |       ||    15
       Potion            |       |       |     1 |       ||     1
 Stab: Confused          |       |     1 |       |       ||     1
  Eat: Chunk             |     3 |    13 |    14 |       ||    30
Armor: Leather armour    |       |    24 |    16 |     1 ||    41
Dodge: Dodged            |     8 |    92 |    51 |     7 ||   158
